 Dungeon Crawl Stone Soup version 0.20-a0-1008-g0de3dc5 (webtiles) character file.

50 Duffy the Firebug (level 3, -4/28 HPs)
             Began as a Naga Fire Elementalist on Apr 14, 2017.
             Killed from afar by Ijyb (25 damage)
             ... with a wand of lightning (?/15)
             ... on level 2 of the Dungeon.
             The game lasted 00:02:11 (1517 turns).

Duffy the Firebug (Naga Fire Elementalist)          Turns: 1517, Time: 00:02:12

Health: -4/28      AC:  2    Str: 10    XL:     3   Next: 79%
Magic:  0/6        EV: 10    Int: 16    God:
Gold:   56         SH:  0    Dex: 11    Spells: 2/6 levels left

rFire    + . .     SeeInvis +   e - +0 spear
rCold    x . .     Gourm    .   (no shield)
rNeg     . . .     Faith    +   a - +0 robe
rPois    +         Spirit   .   (no helmet)
rElec    .         Reflect  .   (no cloak)
rCorr    .         Harm     .   (no gloves)
MR       .....                  (no barding)
Stlth    ++........             i - amulet of faith
Regen    0.1/turn               l - ring of fire
MPRegen  0.1/turn               (no ring)

@: very slow
A: see invisible, deformed body, poison resistance, slowness 2, slow metabolism
1, spit poison 1, AC +1
a: Spit Poison


You were on level 2 of the Dungeon.
You were very hungry.

You visited 1 branch of the dungeon, and saw 2 of its levels.

You collected 56 gold pieces.

Inventory:

Hand Weapons
 e - a +0 spear (weapon)
Armour
 a - a +0 robe (worn)
Jewellery
 i - an amulet of faith (around neck)
 l - a ring of fire (left hand)
Scrolls
 h - a scroll of recharging {unknown}
 k - a scroll of enchant armour {unknown}
 n - a scroll of magic mapping {unknown}
 o - a scroll of teleportation {unknown}
 p - a scroll of identify {unknown}
 r - a scroll of remove curse {unknown}
Potions
 f - a potion of ambrosia {unknown}
 j - 2 potions of curing {unknown}
 m - 2 potions of heal wounds {unknown}
 q - 2 potions of flight {unknown}
Books
 b - a book of Flames

   Spells                             Type                      Level
   a - Flame Tongue                   Conjuration/Fire             1
   b - Throw Flame                    Conjuration/Fire             2
   c - Conjure Flame                  Conjuration/Fire             3
   d - Inner Flame                    Hexes/Fire                   3
   e - Sticky Flame                   Conjuration/Fire             4
   f - Fireball                       Conjuration/Fire             5
Comestibles
 c - 5 bread rations
 d - 2 meat rations
 g - 4 fruits


   Skills:
 - Level 1.5 Dodging
 - Level 3.0 Stealth
 - Level 2.0 Spellcasting
 + Level 3.2 Conjurations
 + Level 3.3 Fire Magic


You had 2 spell levels left.
You knew the following spells:

 Your Spells              Type           Power        Failure   Level  Hunger
h - Flame Tongue          Conj/Fire      ###..        8%          1    #......
l - Conjure Flame         Conj/Fire      ###.....     17%         3    ###....


Dungeon Overview and Level Annotations

Branches:
Dungeon (2/15)

Altars:
Okawaru

Annotations:
D:2 Ijyb


Innate Abilities, Weirdness & Mutations

You cannot wear boots.
Your serpentine skin is tough. (AC +1)
You have supernaturally acute eyesight. (SInv)
Armour fits poorly on your strangely shaped body.
Your system is resistant to poisons. (rPois)
You cover ground very slowly.
You have a slow metabolism.
You can spit poison.


Message History

You feel slightly more hungry.
Casting: Flame Tongue
Confirm with . or Enter, or press ? or * to list all spells.
Aiming: Flame Tongue
Press: ? - help, Shift-Dir - straight line, f - Ijyb
Aim: Ijyb, wearing a scale mail (unusually agile)
You feel a surge of power!
The flame tongue hits Ijyb.
Ijyb is moderately wounded.
Casting: Flame Tongue
Confirm with . or Enter, or press ? or * to list all spells.
Aiming: Flame Tongue
Press: ? - help, Shift-Dir - straight line, f - Ijyb
Aim: Ijyb, wearing a scale mail (moderately wounded, unusually agile)
You feel a surge of power!
The flame tongue hits Ijyb.
Ijyb is moderately wounded.
You have got your breath back.
Ijyb completely misses you.
Ijyb zaps a wand.
The bolt of lightning hits you!
Ouch! That really hurt!
You die...

#..................#####
#.......................
#.......................
#.......................
#............#####......
#........(...# #......
#............# #######
#######.###### #@#
#.#8.....8# #g#.gg....#
#g#8.....8# #.#.g.....#
#.#8..g..8# #.#.......#
#.#8g....8# #.........#


You could see Ijyb and a goblin.

Vanquished Creatures
  An adder (D:2)
  A worm (D:2)
  2 dart slugs (D:1)
  A leopard gecko (D:1)
  2 bats
  3 giant cockroaches (D:1)
  8 goblins
  A hobgoblin (D:1)
  5 kobolds
  A quokka (D:2)
  2 ball pythons (D:1)
  4 rats
31 creatures vanquished.

Notes
Turn   | Place    | Note
-------+----------+-------------------------------------------
     0 | D:1      | Duffy the Naga Fire Elementalist began the quest for the Orb.
     0 | D:1      | Reached XP level 1. HP: 15/15 MP: 3/3
   279 | D:1      | Reached XP level 2. HP: 22/22 MP: 1/5
   776 | D:1      | Reached XP level 3. HP: 28/28 MP: 4/6
   781 | D:1      | Learned a level 3 spell: Conjure Flame
  1086 | D:2      | Found an iron altar of Okawaru.
  1499 | D:2      | Noticed Ijyb
  1517 | D:2      | Killed from afar by Ijyb

Vault maps used:
D:1:      mrwooster_arrival_statue_3
D:2:      kennysheep_the_goblin_king, okawaru_metal_pillars_3,
          kennysheep_generic_room_16, uniq_terence

Skill      XL: |  1  2  3 |
---------------+----------+-----
Conjurations   | 2 3 |  3.2
Dodging        | |  1.5
Stealth        | |  3.0
Spellcasting   | |  2.0
Fire Magic     | |  3.3

Action                   || total
-------------------------++-------
 Cast: Flame Tongue      ||    43
 Abil: Spit Poison       ||    10
  Eat: Chunk             ||     1
Armor: Robe              ||     2
Dodge: Dodged            ||    16
